Map: Hecate LE

Players

Oliveira - Winner!

  • Race: Terran Terran
  • League: Grandmaster
  • Spawn Location: 7:00

ONSYDESolar (Solar)

  • Race: Zerg Zerg
  • League: Master
  • Spawn Location: 1:00

VOD

Have the link to the VOD?

Description

Time

  • Played on: Nov. 27, 2023, 5:11 a.m.
  • Length: 9:34
Show
View Real Time Build Order
Export as new Build Order

Oliveira Terran - Winner!

Build Orders: Reaper Expand, Hellion Banshee 

Get SALT Encoding   

  12  0:00  SCV  
  13  0:12  SCV  
  14  0:17  Supply Depot  
  14  0:24  SCV  
  15  0:38  SCV  
  15  0:41  Barracks  
  16  0:45  Refinery  
  16  0:50  SCV  
  17  1:02  SCV  
  18  1:15  SCV  
  19  1:28  Orbital Command  
  19  1:29  Reaper  
  20  1:37  Command Center  
  20  1:46  Supply Depot  
  20  1:53  SCV  
  21  2:00  Marine  
  22  2:05  SCV  
  23  2:09  Factory  
  23  2:17  SCV  
  23  2:21  Barracks Reactor  
  24  2:29  SCV  
  25  2:38  Command Center  
  25  2:42  SCV  
  26  2:51  Orbital Command  
  26  2:54  SCV  
  27  2:59  Starport  
  27  3:06  SCV  
  27  3:07  Refinery  
  27  3:11  Hellion x2  
  32  3:16  Barracks Tech Lab  
  32  3:17  SCV  
  32  3:18  SCV  
  34  3:29  SCV  
  34  3:30  SCV  
  34  3:33  Hellion x2  
  40  3:41  Marine, Banshee  
  40  3:42  SCV  
  40  3:43  SCV  
  46  3:51  Orbital Command  
  46  3:55  Hellion x2  
  50  3:56  SCV x2  
  50  4:01  Supply Depot  
  52  4:03  Barracks Tech Lab  
  52  4:08  SCV x2  
  54  4:17  SCV  
  54  4:19  Hellion x2  
  59  4:24  Banshee  
  59  4:26  SCV, Marine  
  59  4:28  SCV  
  65  4:34  Supply Depot  
  65  4:35  Supply Depot  
  65  4:38  Stimpack  
  65  4:39  SCV  
  65  4:43  SCV  
  67  4:46  SCV  
  67  4:48  Factory Reactor  
  67  4:49  Engineering Bay, Barracks  
  67  4:50  Marine  
  67  4:51  Barracks  
  67  4:52  Refinery  
  69  4:56  SCV x2  
  72  5:08  Supply Depot, SCV, Marine  
  72  5:09  Barracks x2  
  72  5:10  Orbital Command  
  72  5:14  SCV  
  74  5:17  Terran Infantry Weapons Level 1  
  74  5:18  Starport Reactor  
  74  5:20  SCV, Refinery  
  75  5:26  SCV  
  76  5:31  Supply Depot  
  76  5:32  SCV  
  77  5:35  Siege Tank  
  77  5:36  Marine x2  
  77  5:37  Marine  
  77  5:40  Barracks  
  77  5:41  Barracks  
  83  5:43  SCV x2  
  83  5:46  Marine x2  
  87  5:53  Barracks  
  87  5:55  Supply Depot  
  87  5:56  Barracks Reactor  
  87  5:57  Barracks Reactor  
  87  5:58  Marine  
  87  6:00  Marine  
  89  6:04  Marine  
  89  6:05  Supply Depot  
  89  6:07  Medivac  
  89  6:08  Medivac  
  94  6:13  Siege Tank  
  94  6:14  SCV  
  94  6:15  Marine  
  94  6:17  SCV x2  
  101  6:19  Marine  
  101  6:21  Combat Shield  
  101  6:23  Marine  
  101  6:25  Marine x2  
  104  6:29  Supply Depot  
  104  6:31  Marine  
  104  6:32  Supply Depot  
  106  6:33  Marine  
  106  6:34  Marine x3  
  106  6:36  Marine  
  111  6:40  Marine x2  
  111  6:41  Supply Depot  
  111  6:43  Marine x4  
  117  6:50  Marine  
  117  6:51  Siege Tank, Marine  
  117  6:52  Marine x2  
  124  6:54  Marine x2  
  124  6:56  Supply Depot  
  124  6:57  Marine  
  124  6:58  Marine  
  124  7:01  Marine x2  
  129  7:03  Supply Depot  
  130  7:09  Marine x3  
  130  7:17  Marine  
  109  7:23  Marine x3  
  109  7:24  Marine x5  
  109  7:25  Siege Tank, Medivac x2  
  109  7:27  Marine x3  
  119  7:34  Marine  
  120  7:41  Marine x5  
  120  7:42  Marine x2  
  127  7:45  Marine x3  
  127  7:50  Marine  
  131  7:52  Marine  
  131  7:55  Supply Depot x2  
  131  7:57  Medivac  
  131  7:58  Supply Depot, Marine  
  134  7:59  Marine x3, Medivac  
  134  8:00  Marine x2  
  134  8:02  Marine  
  146  8:05  Siege Tank  
  144  8:13  Marine x2  
  144  8:14  Marine x3  
  144  8:16  Marine  
  144  8:17  Marine x2  
  144  8:18  Marine x2  
  144  8:19  Marine  
  154  8:20  Marine  
  154  8:26  Supply Depot  
  156  8:31  Marine x4  
  156  8:32  Marine  
  161  8:34  Marine x2  
  161  8:35  Marine  
  161  8:36  Marine, Medivac x2  
  161  8:39  Marine x2  
  171  8:46  Marine  
  161  8:56  Marine  
  161  8:59  Marine  
  152  9:03  Marine  
  152  9:05  Marine  
  152  9:07  Marine  
  144  9:11  Marine  
  144  9:13  Marine  
  144  9:14  Marine  
  144  9:16  Marine x2  
Show
View Real Time Build Order
Export as new Build Order

ONSYDESolar Zerg 

Build Orders: Hatch First 

Get SALT Encoding   

  12  0:00  Drone  
  13  0:12  Overlord  
  13  0:17  Drone  
  14  0:30  Drone x2  
  16  0:47  Hatchery  
  15  0:50  Drone  
  15  0:54  Drone  
  17  0:58  Drone  
  18  1:08  Extractor  
  17  1:13  Spawning Pool  
  17  1:16  Drone  
  17  1:19  Drone  
  18  1:28  Drone  
  19  1:39  Drone  
  20  1:50  Drone  
  21  1:59  Queen x2  
  21  2:00  Zergling x4  
  27  2:10  Overlord  
  27  2:12  Zergling x2  
  28  2:22  Hatchery  
  27  2:23  Drone  
  27  2:29  Drone  
  29  2:35  Queen  
  31  2:37  Drone  
  31  2:43  Metabolic Boost  
  32  2:47  Overlord  
  32  2:51  Drone  
  33  2:53  Drone  
  33  2:55  Drone  
  33  2:56  Drone  
  36  3:05  Drone  
  37  3:06  Drone  
  37  3:10  Drone x3  
  41  3:15  Queen  
  43  3:20  Overlord  
  43  3:22  Drone  
  44  3:33  Queen  
  46  3:34  Queen  
  46  3:36  Overlord  
  48  3:46  Drone x6  
  48  3:47  Drone  
  55  3:49  Drone  
  55  3:53  Drone  
  55  3:55  Zergling x4  
  59  3:56  Drone  
  59  4:02  Overlord  
  60  4:07  Drone x4  
  64  4:10  Queen  
  66  4:19  Queen, Overlord  
  66  4:24  Drone x5  
  73  4:27  Overlord  
  73  4:29  Lair  
  73  4:32  Drone  
  73  4:34  Overlord  
  74  4:42  Spore Crawler  
  74  4:43  Drone  
  74  4:44  Spore Crawler  
  73  4:46  Spore Crawler, Drone x7  
  79  4:53  Drone  
  79  4:55  Drone x2, Queen, Extractor  
  79  4:56  Extractor  
  80  5:02  Drone x2  
  80  5:03  Drone x3  
  85  5:09  Drone, Baneling Nest  
  85  5:11  Drone  
  86  5:15  Zergling x2  
  86  5:18  Zergling x6  
  90  5:21  Overlord x2  
  90  5:28  Overseer  
  90  5:29  Evolution Chamber  
  90  5:31  Drone  
  90  5:34  Overlord, Evolution Chamber  
  89  5:36  Overlord  
  89  5:37  Drone x2, Extractor  
  89  5:40  Overlord  
  89  5:41  Drone x3  
  93  5:44  Overlord  
  93  5:46  Zergling x2  
  93  5:49  Hatchery  
  93  5:50  Drone x3  
  93  5:51  Extractor  
  93  5:53  Drone, Zergling x2  
  93  5:54  Zergling x2  
  93  5:56  Centrifugal Hooks  
  98  5:59  Zerg Melee Weapons Level 1, Zerg Ground Armor Level 1  
  98  6:00  Drone  
  100  6:04  Zergling x8  
  100  6:05  Zergling x2  
  100  6:10  Drone  
  105  6:13  Drone  
  105  6:14  Drone x3, Hydralisk Den  
  105  6:18  Baneling x5  
  108  6:19  Zergling x2  
  108  6:21  Baneling  
  108  6:22  Baneling  
  108  6:24  Zergling x8  
  113  6:32  Drone  
  114  6:33  Baneling x6  
  114  6:35  Zergling x4  
  114  6:37  Hatchery  
  114  6:38  Zergling x2  
  114  6:39  Zergling x6  
  120  6:40  Zergling x2  
  120  6:43  Zergling x6  
  120  6:44  Overlord  
  120  6:46  Baneling  
  123  6:48  Baneling x2  
  123  6:51  Zergling x4  
  125  6:55  Overlord  
  125  7:00  Grooved Spines  
  125  7:01  Zergling x6  
  128  7:09  Zergling x14  
  133  7:16  Zergling x10  
  127  7:23  Drone x3  
  127  7:26  Drone  
  127  7:30  Hydralisk  
  127  7:33  Hydralisk x7  
  127  7:35  Overlord  
  127  7:36  Drone x2  
  127  7:37  Drone, Extractor  
  146  7:38  Baneling x6  
  146  7:42  Baneling x9  
  146  7:43  Zergling x4  
  147  7:48  Zergling x2  
  147  7:49  Zergling x4  
  147  7:51  Drone  
  151  7:54  Zergling x2  
  151  7:57  Drone  
  153  8:01  Spore Crawler  
  153  8:03  Zergling x14  
  153  8:04  Drone  
  153  8:05  Drone x7  
  167  8:06  Overlord  
  167  8:10  Extractor  
  167  8:12  Zergling x4  
  165  8:14  Muscular Augments  
  165  8:20  Zergling x8  
  165  8:21  Zergling x2  
  165  8:22  Infestation Pit  
  165  8:23  Drone  
  165  8:25  Overlord  
  170  8:29  Pneumatized Carapace  
  170  8:30  Zergling x8  
  170  8:34  Hydralisk x3  
  174  8:36  Zergling x4  
  174  8:39  Overlord  
  182  8:41  Baneling  
  182  8:42  Baneling x4, Overlord  
  182  8:45  Zergling x14  
  189  8:54  Baneling x4  
  189  8:55  Zergling x2  
  180  9:00  Zergling x2  
  180  9:01  Zergling x22  
  185  9:06  Zergling x10  
  185  9:07  Zergling x6  
Tags
 
Add a new tag
Caveats
  • Supply blocks, unpowered buildings, or Contaminate may cause inaccurate times.
  • Supply counts are checked every 10 seconds.